AoeStats
← ordulops007

Arabian Desert

510122233Analyzed
1v1 RM · 3d ago on Sep 29, 2026· 52m 29s· 2 players
Game mode
Random Map
Map size
Tiny (2 player)
Population
200
Speed
Normal
Resources
Standard
Victory
Conquest
Starting age
Dark Age
Ending age
Imperial Age
RankedLock teamsTeams togetherTeam positionsShared explorationLock speedFull tech treeHidden civsTurbo modeCheats
Victory
Defeat
🇦🇷 Dravidians · Argentina
1164
+14
🇪🇪 Varangians · Estonia
1128
-14
ordulops007
9:09 Feudal Age
14:17 Loom
14:57 Double-Bit Axe
20:07 Castle Age
19:45 Fletching
38:45 Scale Barding Armor
38:52 Forging
38:57 Bloodlines
38:08 Light Cavalry
42:31 Imperial Age
39:49 Horse Collar
41:23 Heavy Plow
43:44 Iron Casting
43:34 Chain Barding Armor
43:23 Hussar
45:17 Husbandry
51:00 Cavalier
51:56 Onager
PNAL | Chino_ss
8:01 Loom
10:42 Feudal Age
10:46 Man-at-Arms
11:24 Double-Bit Axe
13:38 Scale Mail Armor
13:29 Fletching
16:52 Padded Archer Armor
17:12 Horse Collar
24:57 Castle Age
25:04 Wheelbarrow
24:15 Town Watch
25:00 Elite Skirmisher
25:01 Crossbowman
25:47 Thumb Ring
26:19 Bodkin Arrow
26:39 Leather Archer Armor
28:51 Heavy Plow
33:10 Bow Saw
33:17 Leather Archer Armor
38:52 Imperial Age
38:59 Town Patrol
39:48 Arbalester
41:03 Ballistics
41:43 Chemistry
40:55 Masonry
40:41 Murder Holes
41:31 Hand Cart
43:26 Bracer
43:56 Ring Archer Armor
43:51 Gold Mining
43:51 Stone Mining
45:17 Conscription
47:28 Pikeman
48:08 Squires
48:37 Forging
48:42 Chain Mail Armor
48:51 Halberdier
50:28 Hoardings
Connection lost

Rejoining the realm…

Still unreachable

The connection could not be restored.

Session expired

The server has moved on; the page needs a fresh start.